 Dungeon Crawl Stone Soup version 0.19-a0-749-g66ae36b (webtiles) character file.

324 Adhene the Cutter (level 6, -2/32 HPs)
             Began as a Spriggan Abyssal Knight on June 24, 2016.
             Was a Priest of Lugonu.
             Slain by a centaur (8 damage)
             ... on level 5 of the Dungeon.
             The game lasted 00:05:53 (3586 turns).

Adhene the Cutter (Spriggan Abyssal Knight)         Turns: 3586, Time: 00:05:53

Health: -2/32      AC:  4    Str:  8    XL:     6   Next: 23%
Magic:  7/7        EV: 19    Int: 13    God:    Lugonu [***...]
Gold:   220        SH:  0    Dex: 18    Spells: 0 memorised, 5 levels left

rFire  . . .     SeeInvis +     i - +4 dagger (venom)
rCold  . . .     Gourm    .     b - +2 robe
rNeg   . . .     Faith    .     (shield restricted)
rPois  .         Spirit   .     (helmet restricted)
rElec  .         Dismiss  .     (no cloak)
rCorr  +         Reflect  .     (gloves unavailable)
SustAt .         Harm     .     (boots unavailable)
MR     +....     Rnd*Tele +     (no amulet)
Stlth  ++........               j - ring of teleportation (curse)
                                h - ring of resist corrosion

@: very quick, somewhat resistant to hostile enchantments, unstealthy
A: unfitting armour, see invisible, herbivore 3, speed 3, low mp 1, slow
metabolism 2
a: Depart the Abyss, Bend Space, Banish, Renounce Religion


You were on level 5 of the Dungeon.
You worshipped Lugonu.
Lugonu was most pleased with you.
You were not hungry.

You visited 1 branch of the dungeon, and saw 5 of its levels.
You visited the Abyss 1 time.

You collected 220 gold pieces.

Inventory:

Hand Weapons
 i - a +4 dagger of venom (weapon)
Armour
 b - a +2 robe (worn)
Jewellery
 h - a ring of resist corrosion (left hand)
 j - a cursed ring of teleportation (right hand)
Scrolls
 m - 2 scrolls of teleportation
 o - a scroll of amnesia
 p - a scroll of random uselessness {unknown}
 q - a scroll of identify
Potions
 d - 2 potions of degeneration
 e - a potion of curing
 f - a potion of cure mutation {unknown}
 g - 3 potions of flight
 k - a potion of ambrosia {unknown}
 l - a potion of agility {unknown}
 n - a potion of might {unknown}
Comestibles
 a - 3 fruits
 c - 3 bread rations


   Skills:
 - Level 2.4 Fighting
 + Level 7.3 Short Blades
 - Level 3.5 Dodging
 - Level 1.7 Invocations


You had 5 spell levels left.
You didn't know any spells.

Dungeon Overview and Level Annotations

Branches:
Dungeon (5/15)             Temple (0/1) D:4

Altars:
Makhleb
Okawaru


Innate Abilities, Weirdness & Mutations

You are tiny and cannot use many weapons and most armour.
You have supernaturally acute eyesight. (SInv)
You are a herbivore.
You cover ground extremely quickly.
You need consume almost no food.
[Your magical capacity is low. (-10% MP)]


Message History

The centaur hits you!
* * * LOW HITPOINT WARNING * * *
You are too injured to fight recklessly!
You are too injured to fight recklessly!
You are too injured to fight recklessly!
It was a potion of curing.
You feel better. The centaur barely misses you.
You hit the centaur.
The centaur is poisoned.
The centaur is lightly wounded.
The centaur misses you.
You barely miss the centaur.
The centaur is lightly wounded.
The centaur closely misses you.
You barely miss the centaur.
The centaur is lightly wounded.
The centaur hits you!
* * * LOW HITPOINT WARNING * * *
You hit the centaur but do no damage.
The centaur is lightly wounded.
The centaur hits you!
You die...

........##......###
.......................#
..........<.<...........
....$...................
...........##...........
..(.......##............
.........##......†......
......c..##.>...........
.#@.#..............
##.#.............#
#.....^.......$.#
##.............##
#............##
##..........##
#...(..... ##.......
......#


You could see a centaur.

Vanquished Creatures
  A scorpion (D:4)
  A hound (D:4)
  An orc wizard (D:4)
  An orc priest (D:3)
  An iguana (D:5)
  6 adders
  4 oozes
  A worm (D:2)
  A dart slug (D:1)
  3 giant geckos
  7 orcs
  5 giant cockroaches
  12 hobgoblins
  6 kobolds
  A quokka (D:2)
  2 ball pythons
  8 bats
  4 giant newts
  9 goblins
  6 rats
80 creatures vanquished.

Vanquished Creatures (others)
  2 starspawn tentacles (Abyss:1)
2 creatures vanquished.

Grand Total: 82 creatures vanquished

Notes
Turn   | Place    | Note
--------------------------------------------------------------
     0 | Abyss:1  | Adhene the Spriggan Abyssal Knight began the quest for the Orb.
     0 | Abyss:1  | Reached XP level 1. HP: 11/11 MP: 3/3
    76 | Abyss:1  | Noticed a small abomination
    76 | Abyss:1  | Noticed a tentacled starspawn
   115 | Abyss:1  | Noticed a large abomination
   117 | Abyss:1  | Noticed a green death
   117 | Abyss:1  | Noticed a large abomination
   152 | Abyss:1  | Noticed a large abomination
   160 | Abyss:1  | Noticed a large abomination
   164 | Abyss:1  | Noticed a large abomination
   165 | Abyss:1  | Noticed a ynoxinul
   166 | Abyss:1  | Noticed a raiju
   190 | Abyss:1  | Noticed a sun demon
   197 | Abyss:1  | Noticed a freezing wraith
   221 | Abyss:1  | Noticed a small abomination
   231 | Abyss:1  | Noticed an iron imp
   242 | Abyss:1  | Noticed a giant orange brain
   255 | Abyss:1  | Noticed a big kobold
   255 | Abyss:1  | Noticed a big kobold
   256 | Abyss:1  | Noticed a kobold demonologist
   266 | Abyss:1  | Noticed a large abomination
   300 | Abyss:1  | Noticed a wretched star
   304 | D:1      | Escaped the Abyss
   570 | D:1      | Reached * piety under Lugonu
   628 | D:1      | Reached skill level 3 in Short Blades
   637 | D:1      | Reached XP level 2. HP: 16/16 MP: 3/3
  1324 | D:2      | Reached ** piety under Lugonu
  1360 | D:2      | Reached XP level 3. HP: 19/19 MP: 4/4
  1493 | D:2      | Reached skill level 4 in Short Blades
  1940 | D:2      | Reached XP level 4. HP: 15/23 MP: 5/5
  2086 | D:3      | Reached skill level 5 in Short Blades
  2685 | D:3      | Reached *** piety under Lugonu
  2797 | D:3      | Reached XP level 5. HP: 19/27 MP: 6/6
  2906 | D:3      | Found a burning altar of Makhleb.
  2906 | D:3      | Noticed a cacodemon
  2997 | D:4      | Found a staircase to the Ecumenical Temple.
  3018 | D:4      | Reached skill level 6 in Short Blades
  3136 | D:4      | Found an iron altar of Okawaru.
  3352 | D:4      | Reached skill level 7 in Short Blades
  3352 | D:4      | Reached XP level 6. HP: 21/32 MP: 7/7
  3554 | D:5      | Entered Level 5 of the Dungeon
  3586 | D:5      | Slain by a centaur

Vault maps used:
D:1:      saegor_arrival_simple_c
D:2:      first_bread
D:3:      wad_crossroads, makhleb_altar_promises_db
D:4:      overflow_temple_1_default, corexii_hall_statues_s
D:5:      uniq_prince_ribbit1, uniq_eustachio, uniq_crazy_yiuf_cottage

Skill      XL: |  1  2  3  4  5 |
---------------+----------------+-----
Short Blades   | 3 4 5 7 |  7.3
Fighting       | |  2.4
Dodging        | |  3.5
Invocations    | |  1.7

Action                   |  1- 3 |  4- 6 || total
-------------------------+-------+-------++-------
Melee: Short sword       |    22 |       ||    22
       Dagger            |    91 |   141 ||   232
Invok: Depart the Abyss  |     1 |       ||     1
  Use: Scroll            |     5 |     9 ||    14
       Potion            |       |     1 ||     1
 Stab: Sleeping          |     4 |     3 ||     7
Armor: Robe              |    11 |     3 ||    14
Dodge: Dodged            |    60 |    81 ||   141
